 Dungeon Sprint DCSS version 0.21.0 (webtiles) character file.

1775 wojtek the Basher (level 8, -5/123 HPs)
             Began as a Minotaur Berserker on Jan 7, 2018.
             Was a High Priest of Trog.
             Slain by a polar bear (6 damage)
             ... in the Dungeon (Sprint II: "The Violet Keep of Menkaure").
             The game lasted 00:01:24 (705 turns).

wojtek the Basher (Minotaur Berserker)               Turns: 705, Time: 00:01:24

Health: -5/123     AC:  2    Str: 29    XL:     8   Next: 80%
Magic:  7/7        EV: 16    Int:  4    God:    Trog [*****.]
Gold:   972        SH:  0    Dex: 10    Spells: 7/7 levels left

rFire    . . .     SeeInvis .   a - +0 mace
rCold    . . .     Gourm    .   (no shield)
rNeg     . . .     Faith    .   b - +0 animal skin
rPois    .         Spirit   .   (helmet restricted)
rElec    .         Reflect  .   (no cloak)
rCorr    .         Harm     .   (no gloves)
MR       .....     NoTele   +   (no boots)
Stlth    ..........             (no amulet)
HPRegen  0.30/turn              (no ring)
MPRegen  0.10/turn              (no ring)

@: berserking (expiring), very quick
A: retaliatory headbutt, horns 2
a: Berserk, Trog's Hand, Brothers in Arms, Burn Spellbooks, Renounce Religion


You were in the Dungeon.
You worshipped Trog.
Trog was extremely pleased with you.
You were very hungry.

You visited 1 branch You collected 972 gold pieces.

Inventory:

Hand Weapons
 a - a +0 mace (weapon)
Armour
 b - a +0 animal skin (worn)
Scrolls
 i - a scroll of blinking
Potions
 e - a potion of heal wounds
 f - a potion of haste
 g - 2 potions of magic
 h - a potion of berserk rage
Comestibles
 c - a ration


   Skills:
 + Level 11.1 Fighting
 * Level 14.6 Maces & Flails
 + Level 10.8 Armour
 + Level 10.0 Dodging


You had 7 spell levels left.
You didn't know any spells.

Dungeon Overview and Level Annotations

Branches:
Dungeon (1/1)

Altars:
Cheibriados
Dithmenos
Elyvilon
Fedhas
Hepliaklqana
Kikubaaqudgha
Makhleb
Nemelex Xobeh
Qazlal
Ru
Sif Muna
Trog
Uskayaw
Vehumet
Wu Jian
Xom
Yredelemnul
Zin
The Shining One
Beogh
Jiyva
Lugonu

Shops:
D [=(=(}![?(?!

Annotations:
D Menkaure


Innate Abilities, Weirdness & Mutations

You reflexively headbutt those who attack you in melee.
You have a pair of horns on your head.


Message History

You kill the yaktaur!
Trog accepts your kill. Something appears at your feet!
Trog grants you ammunition!
Your Fighting skill increases to level 11!
Your Dodging skill increases to level 10!
You thump the polar bear! You headbutt the polar bear.
The polar bear is moderately wounded.
The polar bear bites you!
* * * LOW HITPOINT WARNING * * *
The polar bear claws you but does no damage.
The polar bear claws you.
* * * LOW HITPOINT WARNING * * *
Unknown command.
You hit the polar bear.
The polar bear is moderately wounded.
You hit the polar bear.
The polar bear is heavily wounded.
The polar bear bites you.
You die...

.. .. ##.. #. .##.####
+.### ..# ...# ...####
.####..## #..##$#
###.##..# +..#..#
##..##..# #..#)h#
.'##.'..####..##@#
##..##....###...##▓▓▓
###.##..§.§.≈≈≈≈≈≈≈≈≈≈≈
.####≈≈..§§.≈#'########
..#≈≈≈≈≈≈≈§.≈#._._._..#
.##≈≈≈≈≈≈≈§.≈#.._._._.#
##≈≈§≈§≈§§≈§≈#._._._._#
≈≈≈≈≈≈≈≈≈≈§§§#_._._._.#
+++#≈≈§≈§§§≈≈#._._._..#


You could see a polar bear.

Vanquished Creatures
  A yaktaur (D)
  2 tyrant leeches (D)
  2 polar bears (D)
  A hornet (D)
  4 necrophages (D)
  A crocodile (D)
  4 worker ants (D)
  3 worms (D)
18 creatures vanquished.

Vanquished Creatures (others)
  A crocodile (D)
1 creature vanquished.

Grand Total: 19 creatures vanquished

Notes
Turn   | Place    | Note
-------+----------+-------------------------------------------
     0 | D        | wojtek the Minotaur Berserker began the quest for the Orb.
     0 | D        | Reached XP level 1. HP: 19/19 MP: 0/0
     1 | D        | Noticed a necrophage
     1 | D        | Noticed a necrophage
     1 | D        | Noticed a necrophage
     1 | D        | Noticed a necrophage
     5 | D        | Killed a necrophage
     5 | D        | Reached skill level 5 in Fighting
     5 | D        | Reached skill level 7 in Maces & Flails
     5 | D        | Reached skill level 5 in Armour
     5 | D        | Reached XP level 2. HP: 30/30 MP: 1/1
     5 | D        | Reached XP level 3. HP: 37/37 MP: 2/2
     5 | D        | Reached XP level 4. HP: 44/44 MP: 3/3
     9 | D        | Killed a necrophage
     9 | D        | Reached skill level 9 in Maces & Flails
     9 | D        | Reached skill level 5 in Dodging
     9 | D        | Reached XP level 5. HP: 51/51 MP: 4/4
    12 | D        | Killed a necrophage
    12 | D        | Reached ** piety under Trog
    13 | D        | Killed a crocodile
    14 | D        | Killed a necrophage
    14 | D        | Reached skill level 10 in Maces & Flails
    14 | D        | Reached XP level 6. HP: 61/61 MP: 5/5
    61 | D        | Reached *** piety under Trog
    61 | D        | Reached skill level 11 in Maces & Flails
    78 | D        | HP: 3/62 [poisoned by a worker ant]
   346 | D        | Noticed a flying skull
   346 | D        | Noticed a flying skull
   346 | D        | Noticed a flying skull
   347 | D        | Noticed a flying skull
   347 | D        | Noticed a flying skull
   347 | D        | Noticed a flying skull
   347 | D        | Noticed a flying skull
   347 | D        | Noticed a flying skull
   348 | D        | Noticed a flying skull
   348 | D        | Noticed a flying skull
   348 | D        | Noticed a flying skull
   349 | D        | Reached **** piety under Trog
   350 | D        | Noticed a flying skull
   384 | D        | Noticed a tyrant leech
   384 | D        | Noticed a tyrant leech
   392 | D        | Killed a tyrant leech
   392 | D        | Reached skill level 12 in Maces & Flails
   392 | D        | Reached XP level 7. HP: 70/70 MP: 6/6
   398 | D        | Killed a tyrant leech
   465 | D        | Found Qydus's Antique Weapon Emporium.
   465 | D        | Found Hidust's Distillery.
   465 | D        | Found Calip's Gadget Shoppe.
   465 | D        | Found Zieceety's Magic Scroll Shoppe.
   465 | D        | Found Wesoy's Magic Scroll Shoppe.
   465 | D        | Found Jeplynew's Antique Weapon Emporium.
   465 | D        | Found Nausiowi's Antique Armour Emporium.
   465 | D        | Found Gohoa's Jewellery Shoppe.
   466 | D        | Found Jyzxa's Jewellery Shoppe.
   466 | D        | Found Odi Mesch's Distillery.
   466 | D        | Found Liveof's Antique Weapon Emporium.
   466 | D        | Found Omnixzoik's Antique Armour Shoppe.
   466 | D        | Noticed an ice dragon
   475 | D        | Reached skill level 13 in Maces & Flails
   665 | D        | Found a glowing silver altar of Zin.
   666 | D        | Found a glowing golden altar of the Shining One.
   666 | D        | Found a basalt altar of Yredelemnul.
   666 | D        | Found a hide-covered altar of Uskayaw.
   667 | D        | Found a shimmering altar of Xom.
   667 | D        | Found a bloodstained altar of Trog.
   667 | D        | Found a radiant altar of Vehumet.
   667 | D        | Found a burning altar of Makhleb.
   668 | D        | Found an ornate altar of the Wu Jian Council.
   668 | D        | Found a deep blue altar of Sif Muna.
   668 | D        | Found a corrupted altar of Lugonu.
   668 | D        | Found a sparkling altar of Nemelex Xobeh.
   668 | D        | Found a blossoming altar of Fedhas.
   669 | D        | Found a sacrificial altar of Ru.
   669 | D        | Found an ancient bone altar of Kikubaaqudgha.
   669 | D        | Found a white marble altar of Elyvilon.
   672 | D        | Found a stormy altar of Qazlal.
   672 | D        | Found a viscous altar of Jiyva.
   672 | D        | Found a shadowy altar of Dithmenos.
   673 | D        | Found a hazy altar of Hepliaklqana.
   673 | D        | Found a snail-covered altar of Cheibriados.
   674 | D        | Found a roughly hewn altar of Beogh.
   675 | D        | Noticed Menkaure
   680 | D        | Noticed a yaktaur
   680 | D        | Noticed a hornet
   680 | D        | Noticed a polar bear
   681 | D        | Noticed a polar bear
   685 | D        | Killed a polar bear
   685 | D        | Reached skill level 10 in Fighting
   685 | D        | Reached XP level 8. HP: 79/79 MP: 7/7
   686 | D        | Noticed a polar bear
   692 | D        | Killed a polar bear
   692 | D        | Reached ***** piety under Trog
   692 | D        | Reached skill level 10 in Armour
   695 | D        | Killed a hornet
   695 | D        | Reached skill level 14 in Maces & Flails
   702 | D        | Killed a yaktaur
   702 | D        | Received a gift from Trog
   702 | D        | Reached skill level 10 in Dodging
   703 | D        | HP: 4/123 [polar bear (9)]
   703 | D        | HP: 1/123 [polar bear (3)]
   705 | D        | Slain by a polar bear

Skill      XL: |  1  2  3  4  5  6  7  8 |
---------------+-------------------------+-----
Fighting       | 5 6 8 9 10 11 | 11.1
Maces & Flails | 7 9 10 12 13 14 | 14.6
Armour         | 5 6 7 8 9 10 | 10.8
Dodging        | 4 5 6 8 9 10 | 10.0

Action                   |  1- 3 |  4- 6 |  7- 9 || total
-------------------------+-------+-------+-------++-------
Melee: Mace              |     3 |    40 |    35 ||    78
       Headbutt          |       |    11 |    14 ||    25
Invok: Berserk           |     1 |     1 |     1 ||     3
  Use: Potion            |       |     1 |       ||     1
  Eat: Chunk             |       |       |     1 ||     1
Armor: Animal skin       |       |     2 |     3 ||     5
Dodge: Dodged            |     2 |    12 |    21 ||    35
